 Dungeon Crawl Stone Soup version 0.28.0 (webtiles) character file.

Game seed: 12665358430540722238

240 Sanktem7 the Covered (level 5, 0/47 HPs)
             Began as a Minotaur Fighter on Feb 16, 2022.
             Slain by a black bear (8 damage)
             ... on level 4 of the Dungeon.
             The game lasted 00:04:29 (3062 turns).

Sanktem7 the Covered (Minotaur Fighter)             Turns: 3062, Time: 00:04:31

Health: 0/47       AC:  7    Str: 22    XL:     5   Next: 80%
Magic:  4/4        EV:  9    Int:  5    God:
Gold:   100        SH:  4    Dex: 10    Spells: 4/4 levels left

rFire   . . .      SeeInvis .   a - +0 war axe
rCold   . . .      Faith    .   c - +0 buckler
rNeg    . . .      Spirit   .   b - +0 scale mail
rPois   .          Reflect  .   (helmet restricted)
rElec   .          Harm     .   (no cloak)
rCorr   .          Rampage  .   (no gloves)
Will    .....                   (no boots)
Stlth   ..........              (no amulet)
HPRegen 0.15/turn               (no ring)
MPRegen 0.09/turn               (no ring)

@: no status effects
A: horns 2, retaliatory headbutt
a: no special abilities


You were on level 4 of the Dungeon.
You visited 1 branch of the dungeon, and saw 4 of its levels.

You collected 100 gold pieces.

Inventory:

Hand Weapons
 a - a +0 war axe (weapon)
Missiles
 q - 2 throwing nets (quivered)
Armour
 b - a +0 scale mail (worn)
 c - a +0 buckler (worn)
Wands
 k - a wand of polymorph (12)
Scrolls
 e - 2 scrolls of immolation {unknown}
 f - a scroll of summoning {unknown}
 g - 5 scrolls of identify {unknown}
 h - a scroll of silence {unknown}
 j - a scroll of fear {unknown}
 m - a scroll of holy word {unknown}
 o - a scroll of noise {unknown}
 p - a scroll of vulnerability {unknown}
Potions
 d - a potion of might
 i - a potion of berserk rage {unknown}
 l - a potion of brilliance {unknown}
 n - a potion of flight {unknown}


   Skills:
 * Level 4.9 Fighting
 * Level 5.2 Axes
 * Level 5.3 Armour
 + Level 0.2 Dodging
 - Level 3.6 Shields


You had 4 spell levels left.
You didn't know any spells.
Your spell library was empty.

Dungeon Overview and Level Annotations

Branches:
Dungeon (4/15)
 Temple: D:4-7

Altars:
Sif Muna
Trog

Shops:
D:1 (


Innate Abilities, Weirdness & Mutations

You have a pair of horns on your head.
You reflexively headbutt those who attack you in melee.


Message History

The black bear claws you but does no damage. x2
The endoplasm moves out of view.
You slash the black bear!
The black bear is moderately wounded.
An ogre comes into view. It is wielding a +0 giant club.
The black bear bites you.
The black bear claws you but does no damage. x2
An endoplasm comes into view.
The ogre shouts!
You slash the black bear!
The black bear is heavily wounded.
The black bear closely misses you.
The black bear claws you but does no damage.
The black bear claws you.
The black bear bites you but does no damage.
The black bear barely misses you. You block the black bear's attack.
You hit the black bear.
The black bear is severely wounded.
The black bear goes berserk!
You slash the black bear! Your headbutt misses the black bear.
The black bear is almost dead.
The black bear barely misses you. The black bear claws you. x2
Something hits the bush but does no damage.
The black bear bites you! The black bear closely misses you.
The black bear claws you.
You barely miss the black bear.
You headbutt the black bear, but do no damage.
The black bear is almost dead.
The black bear bites you. The black bear barely misses you.
The black bear claws you.
A necrophage comes into view.
The black bear completely misses you. The black bear closely misses you. x2
You hit the black bear.
The black bear is almost dead.
The black bear bites you.
* * * LOW HITPOINT WARNING * * *
The black bear claws you.
* * * LOW HITPOINT WARNING * * *
You block the black bear's attack. The black bear bites you!
You die... #. #.####.. ..... ..#..#.#..... .nP.P.. #.#.#..... #.._P.# #...#..... ...P. ##........ .J.J #......... #hO

#......#.. #h#
#......#.. #@#
#..>...#.. #.#
####..##..
#####.###### ##.##..
#..........# #..#..
#..........# #..###
#..........# ##.###
#..........# ##...#
#..........######..>..
#.....................


You could see 2 black bears, an ogre, a necrophage and 2 endoplasms.

Vanquished Creatures
  Crazy Yiuf (D:3)
  Jessica (D:3)
  Natasha (D:3)
  An iguana (D:4)
  A mummy (D:4)
  3 gnolls (D:4)
  3 adders (D:2)
  A worm (D:2)
  3 dart slugs
  An orc (D:4)
  4 ball pythons
  4 endoplasms
  5 giant cockroaches
  2 hobgoblins (D:1)
  5 quokkas
  2 bats
  3 frilled lizards
  7 goblins
  A hobgoblin zombie (D:4)
  3 kobolds
  2 kobold zombies (D:4)
  An orc zombie (D:4)
  9 rats
64 creatures vanquished.

Notes
Turn   | Place    | Note
-------+----------+-------------------------------------------
     0 | D:1      | Sanktem7 the Minotaur Fighter began the quest for the Orb.
     0 | D:1      | Reached XP level 1. HP: 19/19 MP: 0/0
   339 | D:1      | Reached XP level 2. HP: 26/27 MP: 1/1
   490 | D:1      | Found a faded altar of an unknown god.
   581 | D:1      | Found Rotwoy's Weapon Shop.
   713 | D:1      | Reached XP level 3. HP: 32/33 MP: 2/2
  1233 | D:2      | Reached XP level 4. HP: 39/41 MP: 3/3
  1666 | D:3      | Found a shimmering blue altar of Sif Muna.
  1745 | D:3      | Noticed Jessica
  1748 | D:3      | Killed Jessica
  2117 | D:3      | Noticed Natasha
  2126 | D:3      | Killed Natasha
  2273 | D:3      | Found a runed translucent door.
  2274 | D:3      | Noticed Crazy Yiuf
  2401 | D:3      | Killed Crazy Yiuf
  2402 | D:3      | Reached skill level 5 in Axes
  2402 | D:3      | Reached XP level 5. HP: 41/47 MP: 4/4
  2836 | D:4      | Reached skill level 5 in Armour
  3053 | D:4      | Noticed a black bear
  3054 | D:4      | Found a bloodstained altar of Trog.
  3054 | D:4      | Noticed a black bear
  3057 | D:4      | Noticed an ogre
  3061 | D:4      | Noticed a necrophage
  3062 | D:4      | Slain by a black bear

Illustrated notes

Levels and vault maps discovered:
D:1:      grunt_arrival_crossed_arrows, layout_loops_cross, serial_shops, shop,
          ebering_ecumenical_altar_abandoned
D:2:      layout_basic
D:3:      layout_loops_cross, nicolae_overflow_crystal_walls, minivault_27,
          serial_park_tiny_pond, uniq_natasha, uniq_jessica,
          uniq_crazy_yiuf_cottage
D:4:      layout_basic, trog_ov_bears_minmay,
          beargit_hepliaklqana_dungeon_heroes, minmay_mini_ossuary

Skill      XL: |  1  2  3  4  5 |
---------------+----------------+-----
Armour         | 4 5 |  5.3
Fighting       | 4 |  4.9
Axes           | 3 5 |  5.2
Dodging        | |  0.2
Shields        | |  3.6

Action                   |  1- 3 |  4- 6 || total
-------------------------+-------+-------++-------
Melee: War axe           |    67 |    61 ||   128
       Headbutt          |     7 |     8 ||    15
       Unarmed           |       |     2 ||     2
Armor: Scale mail        |    27 |    26 ||    53
Dodge: Dodged            |    24 |    48 ||    72
Block: Buckler           |    20 |    21 ||    41
